 Dungeon Crawl Stone Soup version 0.22.1-2-g9c5b331 (webtiles) character file.

41 Harpaggios the Sneak (level 3, 0/24 HPs)
             Began as a Vine Stalker Enchanter on Dec 31, 2018.
             Succumbed to an adder's poison
             ... on level 2 of the Dungeon.
             The game lasted 00:04:10 (1399 turns).

Harpaggios the Sneak (Vine Stalker Enchanter)       Turns: 1399, Time: 00:04:11

Health: 0/24       AC:  2    Str: 15    XL:     3   Next: 52%
Magic:  2/7        EV: 12    Int: 15    God:
Gold:   102        SH:  0    Dex: 15    Spells: 3/6 levels left

rFire    . . .     SeeInvis .   a - +1 dagger
rCold    . . .     Gourm    .   (no shield)
rNeg     . . .     Faith    .   b - +0 robe
rPois    .         Spirit   +   (no helmet)
rElec    .         Reflect  .   (no cloak)
rCorr    .         Harm     .   (no gloves)
MR       .....                  (no boots)
Stlth    ..........             (no amulet)
HPRegen  0.08/turn              (no ring)
MPRegen  0.10/turn              (no ring)

@: berserking, lethally poisoned (0 -> -6), very slightly contaminated,
invisible, very quick
A: fangs 2, magic shield, antimagic bite, no potion heal 3, rot immunity
a: no special abilities


You were on level 2 of the Dungeon.
You were near starving.

You visited 1 branch of the dungeon, and saw 2 of its levels.

You collected 102 gold pieces.

Inventory:

Hand Weapons
 a - a +1 dagger (weapon)
Armour
 b - a +0 robe (worn)
 p - a +0 leather armour of fire resistance
Jewellery
 h - a +2 ring of evasion {unknown}
Scrolls
 c - a scroll of fog {unknown}
 f - 2 scrolls of noise {unknown}
 g - 2 scrolls of teleportation {unknown}
 i - 4 scrolls of enchant weapon {unknown}
 j - a scroll of magic mapping {unknown}
 l - 3 scrolls of identify {unknown}
Potions
 e - a potion of invisibility
 n - a potion of heal wounds {unknown}
 o - a potion of cancellation {unknown}
Comestibles
 d - 2 rations


   Skills:
 + Level 1.5 Short Blades
 - Level 1.5 Dodging
 + Level 4.2 Stealth
 - Level 2.1 Spellcasting
 * Level 3.8 Hexes


You had 3 spell levels left.
You knew the following spells:

 Your Spells              Type           Power        Failure   Level  Hunger
a - Corona                Hex            ##.....      4%          1    #......
b - Ensorcelled Hibernat  Hex/Ice        #.....       16%         2    ###....

Your spell library contained the following spells:

 Spells                   Type           Power        Failure   Level  Hunger
 Confuse                  Hex            ##......     14%         3    ###....
 Tukima's Dance           Hex            ##......     14%         3    ###....
 Dazzling Spray           Conj/Hex       #.....       30%         3    ###....


Dungeon Overview and Level Annotations

Branches:
Dungeon (2/15)

Altars:


Innate Abilities, Weirdness & Mutations

You have extremely sharp teeth.
When hurt, damage is shared between your health and your magic reserves.
Your bite disrupts and absorbs the magic of your enemies.
Potions cannot restore your health.
You are immune to rotting.


Message History

The adder is moderately wounded.
The adder closely misses you.
You miss the adder. Your bite misses the adder.
The adder is moderately wounded.
The adder barely misses you.
You hit the adder but do no damage.
The adder is moderately wounded.
The adder misses you.
You hit the adder. Your bite misses the adder.
The adder is severely wounded.
The adder bites you.
* * * LOW HITPOINT WARNING * * *
The adder bites you.
* * * LOW HITPOINT WARNING * * *
You are lethally poisoned!
The adder poisons you!
It was a potion of berserk rage.
A red film seems to cover your vision as you go berserk!
You feel yourself moving faster!
You feel mighty!
You die...

#.# #.# .## #.# #.#
... #.# #.# #.##
#.####.### ###...
######.#......#
#...
..............###.#
######............#
# ##.#.....###.##.#
#.#.......@....#
#.#########S####
#.# #...# #######.#
#.#.# ........#
#.#.# ######## #
#.# ####### #.#
....... #.# ####...
#.#


You could see an adder.

Vanquished Creatures
  2 adders (D:2)
  A dart slug (D:1)
  A giant cockroach (D:1)
  8 goblins
  2 hobgoblins (D:1)
  3 bats (D:1)
  2 kobolds
  A rat (D:1)
20 creatures vanquished.

Notes
Turn   | Place    | Note
-------+----------+-------------------------------------------
     0 | D:1      | Harpaggios the Vine Stalker Enchanter began the quest for
                  | the Orb.
     0 | D:1      | Reached XP level 1. HP: 9/9 MP: 4/4
   251 | D:1      | Reached skill level 1 in Short Blades
   394 | D:1      | Reached XP level 2. HP: 13/13 MP: 6/6
   910 | D:1      | Reached skill level 4 in Stealth
   915 | D:1      | Learned a level 2 spell: Ensorcelled Hibernation
  1314 | D:2      | Reached XP level 3. HP: 14/16 MP: 2/7
  1399 | D:2      | Succumbed to an adder's poison

Skill      XL: |  1  2 |
---------------+-------+-----
Short Blades   | 1 |  1.5
Stealth        | 4 |  4.2
Dodging        | |  1.5
Spellcasting   | |  2.1
Hexes          | |  3.8

Action                   || total
-------------------------++-------
Melee: Dagger            ||    87
       Bite              ||     8
 Cast: Ensorcelled Hiber ||     2
       Corona            ||     2
  Use: Potion            ||     3
 Stab: Sleeping          ||     6
       Distracted        ||     1
       Invisible         ||     1
Armor: Robe              ||    21
Dodge: Dodged            ||    54
